 Dungeon Crawl Stone Soup version 0.24-a0-411-g4df2b1290f (webtiles) character file.

Game seed: 15649729371410252492

24612 Gargoyl the Cleaver (level 12, -4/101 HPs)
             Began as a Centaur Abyssal Knight on June 5, 2019.
             Was a High Priest of Lugonu.
             Killed from afar by a Hell Sentinel (33 damage)
             ... with damnation
             ... on level 1 of the Abyss on June 6, 2019.
             The game lasted 00:27:58 (15154 turns).

Gargoyl the Cleaver (Centaur Abyssal Knight)       Turns: 15154, Time: 00:27:59

Health: -4/101     AC: 23    Str: 21    XL:     12   Next: 82%
Magic:  19/19      EV:  7    Int: 11    God:    Lugonu [*****.]
Gold:   1000       SH:  9    Dex: 13    Spells: 11/11 levels left

rFire    . . .     SeeInvis .   a - +6 hand axe
rCold    . . .     Gourm    .   x - +0 buckler
rNeg     . . .     Faith    .   d - +8 plate armour of Hairiness {*Slow rPois Str+5 Slay+3}
rPois    +         Spirit   .   y - +0 helmet
rElec    .         Reflect  .   r - +0 cloak {MR+}
rCorr    .         Harm     .   I - +0 pair of gloves
MR       ++...                  (no barding)
Stlth    ..........             P - amulet of rage
HPRegen  0.26/turn              A - +3 ring of slaying
MPRegen  0.16/turn              C - ring of protection from magic

@: very slow
A: large, hooves 3, large bone plates 1, deformed body, speed 2, screaming 1,
tough skin 3, no potion heal 1
a: Depart the Abyss, Bend Space, Banish, Corrupt, Enter the Abyss, Renounce
Religion, Evoke Berserk Rage


You were on level 1 of the Abyss.
You worshipped Lugonu.
Lugonu was extremely pleased with you.
You were not hungry.

You visited 2 branches of the dungeon, and saw 15 of its levels.
You visited the Abyss 2 times.
You also visited: Ice Cave.

You collected 1000 gold pieces.

Inventory:

Hand Weapons
 a - a +6 hand axe (weapon)
 L - a +0 broad axe
Missiles
 q - 14 javelins (quivered)
 u - 5 silver javelins
Armour
 d - the +8 plate armour of Hairiness (worn) {*Slow rPois Str+5 Slay+3}
   (You found it on level 3 of the Abyss)

   It affects your strength (+5).
   It affects your accuracy and damage with ranged weapons and melee attacks
   (+3).
   It protects you from poison.
   It may slow you when you take damage.
 r - a +0 cloak of magic resistance (worn)
 x - a +0 buckler (worn)
 y - a +0 helmet (worn)
 I - a +0 pair of gloves (worn)
Jewellery
 A - a +3 ring of slaying (left hand)
 C - a ring of protection from magic (right hand)
 N - an uncursed ring of flight
 P - an amulet of rage (around neck)
Wands
 o - a wand of polymorph (16)
 z - a wand of enslavement (16)
 E - a wand of disintegration (19)
 F - a wand of iceblast (5)
 G - a wand of acid (7)
 H - a wand of random effects (21)
 K - a wand of digging (4)
 Q - a wand of scattershot (4)
Scrolls
 b - 4 scrolls of fear
 f - 10 scrolls of teleportation
 i - a scroll of identify
 j - a scroll of fog
 m - 2 scrolls of magic mapping
 J - 2 scrolls of amnesia
 O - a scroll of remove curse
 R - a scroll of blinking
Potions
 e - 5 potions of lignification
 g - 4 potions of might
 h - a potion of ambrosia
 k - a potion of curing
 l - 7 potions of flight
 n - a potion of resistance
 p - 3 potions of brilliance
 s - a potion of cancellation
 t - 2 potions of agility
 w - 2 potions of haste
 B - a potion of heal wounds {unknown}
 D - 3 potions of magic
Miscellaneous
 v - a lightning rod (1/4)
 M - a lightning rod (1/4)
Comestibles
 c - 27 rations


   Skills:
 + Level 8.0 Fighting
 + Level 10.7 Axes
 + Level 0.2 Throwing
 * Level 8.3 Armour
 * Level 6.5 Dodging
 + Level 3.8 Shields
 * Level 10.1 Invocations
 + Level 1.4 Evocations


You had 11 spell levels left.
You didn't know any spells.
Your spell library contained the following spells:

 Spells                   Type           Power        Failure   Level  Hunger
 Summon Small Mammal      Summ           #...         99%         1    ##.....
 Call Imp                 Summ           #.......     100%        2    ###....
 Call Canine Familiar     Summ           #.......     100%        3    ####...
 Summon Guardian Golem    Hex/Summ       #.......     100%        3    ####...
 Summon Ice Beast         Ice/Summ       #.......     100%        4    #####..
 Summon Lightning Spire   Summ/Air       #.......     100%        4    #####..
 Dispersal                Tloc           #.........   100%        6    #######
 Iron Shot                Conj/Erth      #.........   100%        6    #######
 Poison Arrow             Conj/Pois      #.........   100%        6    #######
 Chain Lightning          Conj/Air       #.........   100%        8    #######
 Controlled Blink         Tloc           N/A          100%        8    #######
 Lehudib's Crystal Spear  Conj/Erth      #.........   100%        8    #######
 Fire Storm               Conj/Fire      #.........   100%        9    #######
 Glaciate                 Conj/Ice       #.........   100%        9    #######


Dungeon Overview and Level Annotations

Branches:
Dungeon (11/15)            Temple (0/1) D:5            Lair (4/6) D:10
 Spider (0/4) Lair:2          Orc (0/2) D:9
  Swamp: Lair:2-4    Shoals: Lair:2-4

Altars:
Ashenzari
Cheibriados
Dithmenos
Fedhas
Hepliaklqana
Makhleb
Nemelex Xobeh
Qazlal
Sif Muna
Trog
Wu Jian

Shops:
D:8 *


Innate Abilities, Weirdness & Mutations

You have hooves in place of feet.
Armour fits poorly on your strangely shaped body.
You cover ground very quickly.
You have extremely tough skin. (AC +3)
You are partially covered in large bone plates. (SH +4)
You occasionally shout uncontrollably at your foes.
Potions are less effective at restoring your health.


Message History

The large abomination is heavily damaged.
You slash the large abomination!
You kick the large abomination, but do no damage.
The large abomination is severely damaged.
The large abomination hits you but does no damage.
You slash the large abomination!
The large abomination is almost destroyed.
You block the large abomination's attack.
You hit the large abomination but do no damage.
You kick the large abomination.
The large abomination is almost destroyed.
You block the large abomination's attack.
You hit the large abomination.
You destroy the large abomination!
You enter the shallow water.
Moving in this stuff is going to be slow.
A Hell Sentinel comes into view.
The Hell Sentinel gestures at you.
The sphere of damnation explodes!
The damnation engulfs you!!
You die...

... . ... .#.
..#.... ..#..##
.. .....≈#
.≈≈##### .....
#≈......##..#.#..
. ≈≈#....@......#
#...##..?#...
#.#### ..#..# ##
##.##.. #.. . ##1
.


You could see a Hell Sentinel.

Vanquished Creatures
  A catoblepas (D:11)
  Sonja (Lair:3)
  Nergalle (Lair:3)
  4 skeletal warriors (D:11)
  An unseen horror (D:11)
  A large abomination (Abyss:1)
  Pikel (D:6)
  An ugly thing (D:11)
  A black mamba (Lair:1)
  2 ice statues (IceCv)
  3 spiny frogs
  A gargoyle (D:11)
  4 komodo dragons
  8 ice devils (IceCv)
  A troll (D:9)
  Prince Ribbit (D:6)
  4 hippogriffs
  2 wyverns
  4 hogs (D:8)
  15 yaks (Lair:2)
  2 hungry ghosts
  A human (D:8)
  2 steam dragons
  Menkaure (D:7)
  4 water moccasins
  6 porcupines
  11 ice beasts
  3 orc warriors
  A black bear (D:7)
  2 sky beasts
  A necrophage (D:10)
  7 ogres
  A phantom (D:6)
  3 crocodiles
  A centaur (D:8)
  2 big kobolds
  10 bullfrogs
  A water moccasin zombie (D:6)
  3 scorpions
  14 killer bees
  3 wights (D:8)
  5 electric eels (Lair:3)
  4 howler monkeys
  5 crimson imps
  3 centaur zombies
  6 hounds
  9 orc priests
  3 bullfrog skeletons
  6 jellies
  8 orc wizards
  4 centaur skeletons
  Crazy Yiuf (D:2)
  Ijyb (D:3)
  Natasha (thrice) (D:2)
  3 iguanas
  4 worker ants
  2 hound skeletons
  A howler monkey skeleton (D:7)
  16 adders
  8 gnolls
  4 shadow imps
  5 white imps (IceCv)
  11 ufetubi (IceCv)
  An ooze (D:3)
  An adder skeleton (D:8)
  6 worms
  6 leopard geckos
  50 orcs
  A ball python (D:3)
  3 giant cockroaches
  8 goblins
  9 hobgoblins
  22 jackals
  10 quokkas
  8 bats
  3 frilled lizards
  18 kobolds
  2 quokka skeletons (D:4)
  4 rats
400 creatures vanquished.

Vanquished Creatures (others)
  A reaper (IceCv)
  A hydra (Lair:1)
  A slave (D:6)
  A white imp (IceCv)
  4 ufetubi (IceCv)
  2 fungi (Lair:4)
10 creatures vanquished.

Grand Total: 410 creatures vanquished

Notes
Turn   | Place    | Note
-------+----------+-------------------------------------------
     0 | Abyss:1  | Gargoyl the Centaur Abyssal Knight began the quest for the
                  | Orb.
     0 | Abyss:1  | Reached XP level 1. HP: 19/19 MP: 2/2
     3 | Abyss:1  | Found a blossoming altar of Fedhas.
    19 | Abyss:2  | Gained mutation: You occasionally shout uncontrollably at
                  | your foes. [potion of mutation]
    19 | Abyss:2  | Gained mutation: Potions are less effective at restoring
                  | your health. [potion of mutation]
    19 | Abyss:2  | Gained mutation: You are partially covered in large bone
                  | plates. (SH +4) [potion of mutation]
    72 | Abyss:2  | Noticed a wretched star
    91 | Abyss:3  | Found a corrupted altar of Lugonu.
   148 | Abyss:3  | Noticed a hornet
   149 | Abyss:3  | Noticed an orange demon
   150 | Abyss:3  | Noticed a large abomination
   151 | Abyss:3  | Noticed a shapeshifter
   151 | Abyss:3  | Noticed a tarantella
   151 | Abyss:3  | a shapeshifter changed into a tarantella
   154 | Abyss:3  | Noticed a chaos spawn
   156 | Abyss:3  | Noticed a wretched star
   162 | Abyss:3  | Got a faintly glowing plate armour
   163 | D:1      | Escaped the Abyss
   195 | D:1      | Identified the +8 plate armour of Hairiness {*Slow rPois
                  | Str+5 Slay+3} (You found it on level 3 of the Abyss)
   473 | D:1      | Reached XP level 2. HP: 20/26 MP: 3/3
   712 | D:1      | Reached * piety under Lugonu
   725 | D:1      | Reached XP level 3. HP: 30/31 MP: 4/4
   994 | D:2      | Found a hazy altar of Hepliaklqana.
  1029 | D:2      | Reached skill level 1 in Dodging
  1051 | D:2      | Found a blossoming altar of Fedhas.
  1206 | D:2      | Noticed Natasha
  1213 | D:2      | Killed Natasha
  1213 | D:2      | Reached XP level 4. HP: 31/40 MP: 4/6
  1271 | D:2      | Noticed Natasha
  1282 | D:2      | Killed Natasha
  1637 | D:2      | Noticed Natasha
  1642 | D:2      | Killed Natasha
  1642 | D:2      | Reached XP level 5. HP: 46/46 MP: 7/7
  1869 | D:2      | Found a runed translucent door.
  1870 | D:2      | Noticed Crazy Yiuf
  1879 | D:2      | Killed Crazy Yiuf
  2110 | D:3      | Found a snail-covered altar of Cheibriados.
  2141 | D:3      | Reached ** piety under Lugonu
  2289 | D:3      | Noticed Ijyb
  2296 | D:3      | Killed Ijyb
  2296 | D:3      | Reached XP level 6. HP: 52/52 MP: 8/8
  2597 | D:3      | Found a sparkling altar of Nemelex Xobeh.
  3246 | D:4      | Found a burning altar of Makhleb.
  3418 | D:4      | Reached *** piety under Lugonu
  3836 | D:5      | Entered Level 5 of the Dungeon
  3836 | D:5      | Found a staircase to the Ecumenical Temple.
  3836 | D:5      | Noticed an ice beast
  3849 | D:4      | Killed an ice beast
  3849 | D:4      | Reached XP level 7. HP: 58/59 MP: 9/9
  4202 | D:5      | Found a shattered altar of Ashenzari.
  4205 | D:5      | Found a shadowy altar of Dithmenos.
  4440 | D:6      | Reached XP level 8. HP: 65/67 MP: 11/11
  4447 | D:6      | Reached skill level 5 in Axes
  4455 | D:6      | Reached skill level 1 in Shields
  4527 | D:6      | Noticed Pikel
  4527 | D:6      | Reached **** piety under Lugonu
  4541 | D:6      | Killed Pikel
  4541 | D:6      | Reached skill level 5 in Fighting
  4541 | D:6      | Reached skill level 5 in Invocations
  4697 | D:6      | Reached XP level 9. HP: 63/74 MP: 12/12
  4947 | D:6      | Noticed Prince Ribbit
  4960 | D:6      | Killed Prince Ribbit
  5325 | D:7      | Noticed Menkaure
  5331 | D:7      | Killed Menkaure
  5469 | D:7      | Found an ornate altar of the Wu Jian Council.
  5995 | D:8      | Reached ***** piety under Lugonu
  6120 | D:8      | Found Poklec Usmo's Assorted Antiques.
  6343 | D:8      | Reached XP level 10. HP: 69/83 MP: 14/14
  6699 | D:8      | Reached skill level 5 in Armour
  7434 | D:9      | Found a deep blue altar of Sif Muna.
  7462 | D:9      | Identified Edeepp's Reference Book on the Dusty Voyage
  7748 | D:9      | Found a staircase to the Orcish Mines.
  7985 | D:9      | Found a faded altar of an unknown god.
  7985 | D:9      | Found a stormy altar of Qazlal.
  7990 | D:9      | Found a sparkling altar of Nemelex Xobeh.
  7992 | D:9      | Found a bloodstained altar of Trog.
  7993 | D:9      | Found a faded altar of an unknown god.
  8115 | D:10     | Entered Level 10 of the Dungeon
  8361 | D:10     | Found a staircase to the Lair.
  9051 | D:11     | Reached skill level 5 in Dodging
  9106 | D:11     | Noticed a gargoyle
  9107 | D:11     | Noticed a skeletal warrior
  9107 | D:11     | Noticed a skeletal warrior
  9107 | D:11     | Noticed a skeletal warrior
  9107 | D:11     | Noticed a skeletal warrior
  9117 | D:11     | Reached ****** piety under Lugonu
  9416 | D:11     | Reached XP level 11. HP: 91/91 MP: 16/16
  9440 | D:11     | Killed a skeletal warrior
  9477 | D:11     | Killed a skeletal warrior
  9666 | D:11     | Killed a skeletal warrior
  9801 | D:11     | Upgraded the game from 0.24-a0-408-gcc1054c7ca to
                  | 0.24-a0-411-g4df2b1290f
  9804 | D:11     | Noticed a white ugly thing
  9817 | D:11     | Killed a white ugly thing
  9913 | D:11     | Reached skill level 1 in Evocations
 10006 | D:11     | Killed a skeletal warrior
 10304 | D:11     | Noticed a catoblepas
 10314 | D:11     | Killed a catoblepas
 10591 | D:11     | Killed an unseen horror
 10722 | Lair:1   | Entered Level 1 of the Lair of Beasts
 11341 | Lair:1   | Noticed a four-headed hydra
 11352 | Lair:1   | Banished a four-headed hydra
 11901 | Lair:2   | Reached XP level 12. HP: 100/100 MP: 18/18
 11911 | Lair:2   | Reached skill level 10 in Axes
 12159 | Lair:2   | Found a hole to the Spider Nest.
 13237 | Lair:3   | Found a snail-covered altar of Cheibriados.
 13241 | Lair:3   | Noticed Nergalle
 13253 | Lair:3   | Killed Nergalle
 13338 | Lair:3   | Noticed Sonja
 13344 | Lair:3   | Killed Sonja
 13775 | Lair:4   | Found a frozen archway.
 13835 | IceCv    | Entered an ice cave
 13936 | IceCv    | Killed a reaper
 14624 | IceCv    | Reached skill level 10 in Invocations
 15154 | Abyss:1  | Noticed a Hell Sentinel
 15154 | Abyss:1  | Killed from afar by a Hell Sentinel

Levels and vault maps discovered:
D:1:      onia_arrival_pyramid, layout_basic
D:2:      layout_basic, overflow_temple_1_default, fedhas_ov_isle_minmay,
          first_ration, uniq_crazy_yiuf_cottage, uniq_natasha
D:3:      layout_basic, cheibriados_altar_1, chequers_serial_rivers_small_b,
          nemelex_diamond_rough_becter, uniq_ijyb
D:4:      layout_layer_cave, kennysheep_mini_moat
D:5:      layout_rooms, nicolae_overflow_hidden_temple,
          minmay_temple_entry_statues
D:6:      layout_rooms, serial_corexii_hall, corexii_hall_statues_x,
          corexii_hall_statues_deadend, uniq_prince_ribbit1, uniq_pikel
D:7:      layout_loops_ring, lemuel_doored_altar, serial_shops, shop_statue,
          uniq_menkaure
D:8:      layout_basic, serial_shops, shop_statue, st_stairs_2, grunt_livestock
D:9:      layout_roguey, marbit_many_paths, chequers_temple_overflow_minitemple,
          orc_0_dummy
D:10:     layout_gridville, lair_entry_dummy, grunt_ministairs_12
D:11:     layout_roguey, minmay_misc_feat_iff
Lair:1:   layout_cave_pods, wad_woods_03
Lair:2:   layout_roguey, spider_nest_entry_web_field, grunt_megastairs_2
Lair:3:   layout_hall_layers, basic_altar, serial_bayou_lagoon_b, uniq_sonja,
          uniq_nergalle
Lair:4:   dragon1_lemuel, layout_misc_corridors, minmay_swamp_entry_worms,
          portal_ice_cave_entry_ice_beasts, serial_rivers,
          chequers_serial_rivers_room_a, chequers_serial_rivers_micro_d,
          chequers_serial_rivers_micro_b, chequers_serial_rivers_small_3
Abyss:1:  hangedman_stitches_earthworm
IceCv:    ice_cave_small_demon

Skill      XL: |  1  2  3  4  5  6  7  8  9 10 11 12 |
---------------+-------------------------------------+-----
Axes           | 2 3 4 6 7 9 10 | 10.7
Dodging        | 1 2 3 4 5 6 |  6.5
Armour         | 2 3 4 6 7 8 |  8.3
Invocations    | 3 4 5 6 7 8 10 | 10.1
Fighting       | 4 5 6 7 8 |  8.0
Shields        | 1 2 3 |  3.8
Evocations     | 1 |  1.4
Throwing       | |  0.2

Action                   |  1- 3 |  4- 6 |  7- 9 | 10-12 || total
-------------------------+-------+-------+-------+-------++-------
Melee: Hand axe          |    90 |   143 |   237 |   580 ||  1050
       Kick              |    16 |    33 |    65 |   211 ||   325
Throw: Javelin           |       |       |       |     2 ||     2
Invok: Depart the Abyss  |     1 |       |       |       ||     1
       Banish            |       |       |       |     4 ||     4
       Enter the Abyss   |       |       |       |     1 ||     1
 Abil: Evoke Berserk Rag |       |       |       |     2 ||     2
Evoke: Lightning rod     |       |       |       |     8 ||     8
       Wand              |       |       |       |     1 ||     1
  Use: Scroll            |     1 |    14 |     9 |     8 ||    32
       Potion            |     1 |       |       |     4 ||     5
  Eat: Chunk             |       |     7 |     6 |    12 ||    25
       Ration            |       |       |       |     6 ||     6
Armor: Plate armour      |    82 |   104 |   128 |   256 ||   570
       Leather armour    |     3 |       |       |       ||     3
       Skin              |       |     5 |       |       ||     5
Dodge: Dodged            |    33 |    26 |    40 |    91 ||   190
Block: Other             |    16 |    24 |       |       ||    40
       Buckler           |       |     7 |    73 |   169 ||   249

Table legend:
 A = Non-vault XP
 B = Vault XP
 C = Vault XP percentage of total XP
 D = Non-vault monster count
 E = Vault monster count
 F = Vault count percentage of total count
                 A         B        C        D         E       F
            +---------+---------+-------+---------+---------+-------
      Total |   26179 |    8981 |  25.5 |     350 |      51 |  12.7
            +---------+---------+-------+---------+---------+-------
        D:1 |      48 |       0 |   0.0 |      26 |       0 |   0.0
        D:2 |     152 |      72 |  32.1 |      25 |       2 |   7.4
        D:3 |     166 |      36 |  17.8 |      26 |       1 |   3.7
        D:4 |     329 |       0 |   0.0 |      23 |       0 |   0.0
        D:5 |     606 |       0 |   0.0 |      29 |       0 |   0.0
        D:6 |    1115 |     861 |  43.6 |      32 |       2 |   5.9
        D:7 |     823 |     165 |  16.7 |      31 |       1 |   3.1
        D:8 |    1896 |    1014 |  34.8 |      33 |       6 |  15.4
        D:9 |     833 |      43 |   4.9 |      19 |       1 |   5.0
       D:10 |    1363 |     214 |  13.6 |      23 |       1 |   4.2
       D:11 |    8703 |       0 |   0.0 |      34 |       0 |   0.0
     Lair:1 |    3255 |       0 |   0.0 |      14 |       0 |   0.0
     Lair:2 |    5278 |     153 |   2.8 |      25 |       1 |   3.8
     Lair:3 |     882 |    1602 |  64.5 |       8 |       2 |  20.0
     Lair:4 |      90 |    1025 |  91.9 |       1 |       8 |  88.9
    Abyss:1 |     640 |       0 |   0.0 |       1 |       0 |   0.0
      IceCv |       0 |    3796 | 100.0 |       0 |      26 | 100.0
            +---------+---------+-------+---------+---------+-------
